 Dungeon Crawl Stone Soup version 0.18.1-8-gdd0e5ea (webtiles) character file.

2829 taran the Cruncher (level 9, -4/56 HPs)
             Began as a Tengu Gladiator on May 21, 2016.
             Was an Initiate of Gozag.
             Slain by an orc warrior
             ... wielding a +0 short sword
              (12 damage)
             ... on level 7 of the Dungeon on May 22, 2016.
             The game lasted 01:48:56 (9149 turns).

taran the Cruncher (Tengu Gladiator)                Turns: 9149, Time: 01:48:58

Health: -4/56      AC: 14    Str: 18    XL:     9   Next: 73%
Magic:  10/10      EV:  9    Int: 12    God:    Gozag
Gold:   626        SH:  0    Dex: 16    Spells: 0 memorised, 8 levels left

rFire  . . .     SeeInvis .     a - +0 quarterstaff
rCold  . . .     Gourm    .     n - +0 plate armour
rNeg   . . .     Faith    .     (shield currently unavailable)
rPois  .         Spirit   .     c - +0 hat
rElec  .         Dismiss  .     r - +0 cloak
rCorr  .         Reflect  .     (no gloves)
SustAt .         Harm     +     (boots unavailable)
MR     .....                    I - amulet of harm
Stlth  ..........               H - +4 ring of intelligence
                                y - ring of stealth

@: about to teleport, flying quickly and evasively, quick, not resistant to
hostile enchantments, extremely unstealthy
A: beak, talons 3, able to fly 1
a: Potion Petition, Call Merchant, Bribe Branch, Renounce Religion


You were on level 7 of the Dungeon.
You worshipped Gozag.
Gozag was noncommittal.
You were not hungry.

You visited 2 branches of the dungeon, and saw 8 of its levels.

You collected 1267 gold pieces.
You spent 246 gold pieces at shops.
You paid 395 gold pieces to Gozag.

Inventory:

Hand Weapons
 a - a +0 quarterstaff (weapon)
 b - a +0 hunting sling
 B - a +0 blowgun
 E - a +2 scimitar
 F - a +3 great sword
Missiles
 d - 5 throwing nets
 h - 268 stones
 m - 20 sling bullets
 w - 39 bolts
 D - 6 tomahawks (quivered)
 J - 2 tomahawks of returning
Armour
 c - a +0 hat (worn)
 n - a +0 plate armour (worn)
 r - a +0 cloak (worn)
Jewellery
 o - an uncursed ring of teleportation
 y - a ring of stealth (left hand)
 H - a +4 ring of intelligence (right hand)
 I - an amulet of harm (around neck)
Wands
 x - a wand of flame (5/48)
 G - a wand of flame (32/48)
 L - a wand of digging (10/24)
 N - a wand of acid (6/15)
 O - a wand of slowing (30/48)
Scrolls
 i - 4 scrolls of remove curse
 p - a scroll of teleportation
 q - a scroll of amnesia
 z - 2 scrolls of enchant weapon {unknown}
 C - 2 scrolls of magic mapping {unknown}
Potions
 j - a potion of resistance
 k - a potion of might
 l - a potion of ambrosia {unknown}
 t - a potion of cancellation {unknown}
 u - a potion of brilliance
 A - a potion of haste
 K - a potion of lignification {unknown}
 M - a potion of magic {unknown}
 P - a potion of experience {unknown}
Books
 e - Sif Muna's Almanac of Execration
   (You found it on level 3 of the Dungeon)

   Spells                             Type                      Level
   a - Corona                         Hexes                        1
Comestibles
 f - 3 bread rations
 s - a royal jelly
 v - 16 fruits


   Skills:
 + Level 6.4 Fighting
 * Level 10.4 Staves
 - Level 2.4 Throwing
 - Level 7.0 Armour
 + Level 4.2 Dodging


You had 8 spell levels left.
You didn't know any spells.

Dungeon Overview and Level Annotations

Branches:
Dungeon (7/15)             Temple (1/1) D:7

Altars:
Ashenzari
Cheibriados
Dithmenos
Gozag
Kikubaaqudgha
Makhleb
Nemelex Xobeh
Okawaru
Pakellas
Qazlal
Ru
Sif Muna
Trog
Vehumet
Xom
Yredelemnul
Zin
The Shining One

Shops:
D:4 !   D:5 *


Innate Abilities, Weirdness & Mutations

You have a beak for a mouth.
You have claws for feet.
You can fly.


Message History

There is an open door here.
You reach down and close the door.
Something unseen opens the door.
You reach down and close the door.
Something unseen opens the door.
You reach down and close the door.
Something unseen opens the door.
As you close the door, it creaks loudly!
You hear a shout! x2
Something unseen opens the door.
An orc priest comes into view. It is wielding a dagger.
Read which item? (? for menu, Esc to quit)
As you read the scroll of teleportation, it crumbles to dust.
You feel strangely unstable.
The orc priest shouts!
You hear a shout!
You closely miss the orc warrior. Your peck misses the orc warrior.
The orc warrior is severely wounded.
The orc priest mumbles some strange prayers to Beogh against you.
Pain shoots through your body!
* * * LOW HITPOINT WARNING * * *
The orc warrior hits you with a short sword!
You die...
Your body crumbles into a pile of gold.

.+ #.......#...#...........# .#
#.......#...#...........# .#
#.......#...'...........# .#
#......##...#...........# .#
#......##...#o..........# .#
#...........#...........# .#
#..........$+)..........## .#
#........o.$#............. .#
#......o.@..#............. .#
#......######............. .#
#......##...#.............
.#.....#...........#.....(.(.....
.#.....#...........#.............
.#.....#...........#......(....).
.#.....#......##.y.#.(...........
##.....#......###+##.(...........
#......#.......#...###$###......)


You could see an orc warrior and an orc priest.

Vanquished Creatures
  The ghost of georgeearnest the Ducker, an amateur DDWr of Ru (D:4)
  Duvessa (D:7)
  An orc warrior (D:6)
  An ice beast (D:5)
  A wasp (D:7)
  2 ogres
  A necrophage (D:6)
  A phantom (D:7)
  A sky beast (D:5)
  A centaur (D:6)
  3 giant frogs
  A wyvern zombie (D:7)
  Dowan (D:7)
  6 killer bees (D:7)
  4 wights (D:6)
  4 crimson imps
  3 hounds
  2 giant frog zombies (D:5)
  2 giant frog skeletons
  3 orc wizards
  A centaur skeleton (D:6)
  4 iguanas
  6 worker ants
  A hound zombie (D:7)
  8 adders
  14 gnolls
  2 shadow imps
  An ooze (D:4)
  An adder zombie (D:5)
  3 adder skeletons
  3 worms (D:2)
  2 dart slugs
  4 giant geckos
  16 orcs
  3 ball pythons
  6 giant cockroaches
  7 hobgoblins
  9 jackals
  2 kobolds
  2 quokkas
  6 bats
  7 goblins
  A jackal zombie (D:6)
  A quokka zombie (D:5)
  8 rats
158 creatures vanquished.

Notes
Turn   | Place    | Note
--------------------------------------------------------------
     0 | D:1      | taran the Tengu Gladiator began the quest for the Orb.
     0 | D:1      | Reached XP level 1. HP: 12/12 MP: 2/2
   289 | D:1      | Reached XP level 2. HP: 17/17 MP: 3/3
  1218 | D:2      | Found an opulent altar of Gozag.
  1228 | D:2      | Became a worshipper of Gozag Ym Sagoz the Greedy
  1255 | D:2      | Reached XP level 3. HP: 21/21 MP: 4/4
  1504 | D:2      | Found a faded altar to an unknown god.
  1723 | D:2      | Reached skill level 1 in Armour
  1841 | D:2      | Reached skill level 4 in Staves
  1949 | D:2      | Reached XP level 4. HP: 20/26 MP: 5/5
  2188 | D:3      | Gained mutation: You can fly. [Tengu growth]
  2188 | D:3      | Reached XP level 5. HP: 31/31 MP: 6/6
  2478 | D:3      | Found a bloodstained altar of Trog.
  2478 | D:3      | Found an iron altar of Okawaru.
  2489 | D:3      | Found a sacrificial altar of Ru.
  2752 | D:3      | Found an ancient bone altar of Kikubaaqudgha.
  2760 | D:3      | Found a deep blue altar of Sif Muna.
  2762 | D:3      | Found a radiant altar of Vehumet.
  2767 | D:3      | Identified Sif Muna's Almanac of Execration
  2958 | D:3      | Found a shattered altar of Ashenzari.
  3082 | D:4      | Noticed georgeearnest's ghost (amateur DDWr)
  3232 | D:4      | Reached skill level 5 in Staves
  3705 | D:4      | Found a stormy altar of Qazlal.
  3705 | D:4      | Found a sparkling altar of Nemelex Xobeh.
  3706 | D:4      | Found an oddly glowing altar of Pakellas.
  3767 | D:4      | Reached XP level 6. HP: 37/37 MP: 7/7
  3852 | D:4      | Noticed an ice beast
  3980 | D:4      | Killed georgeearnest's ghost
  3980 | D:4      | Reached skill level 6 in Staves
  3980 | D:4      | Reached XP level 7. HP: 15/41 MP: 8/8
  4168 | D:4      | Found Texiwnit's Distillery.
  4177 | D:4      | Bought a potion of mutation for 30 gold pieces
  4177 | D:4      | Bought a potion of degeneration for 12 gold pieces
  4184 | D:4      | Bought a potion of agility for 48 gold pieces
  4184 | D:4      | Bought a potion of heal wounds for 60 gold pieces
  4184 | D:4      | Bought 2 potions of might for 96 gold pieces
  4214 | D:5      | Entered Level 5 of the Dungeon
  4291 | D:5      | Found Herus's General Store.
  5015 | D:5      | Reached skill level 7 in Staves
  5177 | D:5      | Found a burning altar of Makhleb.
  5213 | D:5      | Reached XP level 8. HP: 48/48 MP: 5/9
  5845 | D:6      | Reached skill level 5 in Armour
  5897 | D:6      | Reached skill level 8 in Staves
  6183 | D:6      | Reached skill level 5 in Fighting
  6954 | D:6      | Reached skill level 9 in Staves
  6954 | D:6      | Reached XP level 9. HP: 54/54 MP: 6/10
  6958 | D:6      | Found a shimmering altar of Xom.
  7712 | D:7      | Found a glowing silver altar of Zin.
  7900 | D:7      | Found a snail-covered altar of Cheibriados.
  8257 | D:7      | Found a staircase to the Ecumenical Temple.
  8266 | Temple   | Entered the Ecumenical Temple
  8331 | D:7      | Noticed Dowan
  8362 | D:7      | Killed Dowan
  8362 | D:7      | Reached skill level 10 in Staves
  8377 | D:7      | Noticed Duvessa
  8424 | D:7      | Killed Duvessa
  9149 | D:7      | Slain by an orc warrior

Skill      XL: |  1  2  3  4  5  6  7  8  9 |
---------------+----------------------------+-----
Armour         | 1 2 3 4 6 7 |  7.0
Staves         | 4 5 6 7 9 10 | 10.4
Fighting       | 3 4 5 6 |  6.4
Dodging        | 4 |  4.2
Throwing       | |  2.4

Action                   |  1- 3 |  4- 6 |  7- 9 || total
-------------------------+-------+-------+-------++-------
Melee: Quarterstaff      |    64 |   148 |   354 ||   566
       Peck              |    15 |    29 |    75 ||   119
       Kick              |    12 |    50 |    90 ||   152
 Fire: Hunting sling     |    21 |    31 |    56 ||   108
Throw: Stone             |    34 |     1 |       ||    35
       Throwing net      |       |     2 |       ||     2
       Tomahawk          |       |       |    90 ||    90
Invok: Potion Petition   |       |     1 |     1 ||     2
 Abil: Fly               |       |       |    19 ||    19
Evoke: Wand              |       |     1 |     6 ||     7
  Use: Potion            |     1 |       |     7 ||     8
       Scroll            |       |     5 |     8 ||    13
 Stab: Held in net/web   |       |     1 |       ||     1
       Distracted        |       |       |     1 ||     1
  Eat: Chunk             |     1 |       |       ||     1
       Bread ration      |     1 |     1 |     2 ||     4
       Meat ration       |       |       |     2 ||     2
Armor: Leather armour    |     2 |       |       ||     2
       Plate armour      |    25 |    92 |   204 ||   321
Dodge: Dodged            |    25 |    40 |   129 ||   194
